 Dungeon Sprint DCSS version 0.17-a0-1718-g72dbe4d (webtiles) character file.

968 Kidiri the Blocker (level 7, 0/67 HPs)
             Began as a Minotaur Fighter on Aug 24, 2015.
             Was a Believer of Okawaru.
             Slain by a freezing wraith (6 damage)
             ... in the Dungeon (Sprint VII: "The Pits").
             The game lasted 00:03:02 (567 turns).

Kidiri the Blocker (Minotaur Fighter)                Turns: 567, Time: 00:03:02

Health: 0/67       AC: 16    Str: 22    XL:     7   Next: 93%
Magic:  10/10      EV:  8    Int:  5    God:    Okawaru [**....]
Gold:   0          SH: 12    Dex: 10    Spells: 0 memorised, 6 levels left

rFire  . . .     SeeInvis .     a - +0 war axe
rCold  . . .     Clarity  .     b - +2 plate armour
rNeg   . . .     SustAt   .     c - +0 shield
rPois  .         Gourm    .     (helmet restricted)
rElec  .         Spirit   .     (no cloak)
rCorr  .         Warding  .     (no gloves)
rMut   .         NoTele   +     (no boots)
MR     .....                    (no amulet)
Stlth  ..........               (no ring)
                                (no ring)

@: slowed, very slow, not resistant to hostile enchantments, extremely
unstealthy
A: retaliatory headbutt, horns 2
a: Heroism, Renounce Religion


You were in the Dungeon.
You worshipped Okawaru.
Okawaru was pleased with you.
You were not hungry.

You visited 1 branch

Inventory:

Hand weapons
 a - a +0 war axe (weapon)
 r - a +2 mace
Armour
 b - a +2 plate armour (worn)
 c - a +0 shield (worn)
Scrolls
 k - a scroll of blinking
 o - 3 scrolls of remove curse
 p - 5 scrolls of amnesia
 q - a scroll of summoning
Potions
 d - a potion of might
 f - 6 potions of curing
 g - 5 potions of heal wounds
 h - a potion of haste
 i - 4 potions of magic
 j - 3 potions of berserk rage
 n - 2 potions of invisibility
Comestibles
 e - 8 bread rations
 l - 40 fruits
 m - 7 meat rations
 s - 6 chunks of flesh


   Skills:
 + Level 7.8 Fighting
 * Level 10.1 Axes
 * Level 10.4 Armour
 + Level 6.1 Dodging
 * Level 10.5 Shields
 + Level 5.5 Invocations


You had 6 spell levels left.
You didn't know any spells.

Dungeon Overview and Level Annotations

Branches:
Dungeon (1/1)

Altars:
Ashenzari
Cheibriados
Dithmenos
Elyvilon
Fedhas
Gozag
Kikubaaqudgha
Makhleb
Nemelex Xobeh
Okawaru
Qazlal
Ru
Sif Muna
Trog
Vehumet
Xom
Yredelemnul
Zin
The Shining One
Beogh
Jiyva
Lugonu


Innate Abilities, Weirdness & Mutations

You reflexively headbutt those who attack you in melee.
You have a pair of horns on your head.


Message History

You hit the freezing wraith but do no damage.
You headbutt the freezing wraith, but do no damage.
The freezing wraith is severely damaged.
You block the freezing wraith's attack.
The freezing wraith hits you but does no damage.
You block the freezing wraith's attack. The freezing wraith hits you.
Your plate armour prevents you from hitting the freezing wraith.
The freezing wraith is severely damaged.
The freezing wraith hits you. The freezing wraith freezes you!
The freezing wraith hits you but does no damage.
You closely miss the freezing wraith.
You headbutt the freezing wraith, but do no damage.
The freezing wraith is severely damaged.
The freezing wraith hits you!
* * * LOW HITPOINT WARNING * * *
The freezing wraith freezes you!
* * * LOW HITPOINT WARNING * * *
The freezing wraith barely misses you. You block the freezing wraith's attack.
The freezing wraith hits you.
You die...

#.##+#..#+###...<...#
#.#........##.......#
#.#...รท....##.......#
#'###########.......#
#.......#.. #########
#..#.#..#.# ###
#)##.##.#[# ...#
#.......#+#....#
#.##.##.#@Wc...+
#..#.#..#+#....#
#.......'.# ...#
########### ###


You could see a freezing wraith and a centaur.

Vanquished Creatures
  Grinder (D)
  A boulder beetle (D)
  A wolf (D)
  A warg (D)
  A black bear (D)
  A brain worm (D)
  A giant frog (D)
  A crimson imp (D)
  A gnoll shaman (D)
  An iron imp (D)
  2 gnolls (D)
  An ooze (D)
  An orc (D)
  A goblin (D)
  2 ball pythons (D)
  2 bats (D)
  A giant cockroach zombie (D)
  A giant newt (D)
  A jackal (D)
  A rat (D)
23 creatures vanquished.

Notes
Turn   | Place    | Note
--------------------------------------------------------------
     0 | D        | Kidiri the Minotaur Fighter began the quest for the Orb.
     0 | D        | Reached XP level 1. HP: 19/19 MP: 0/0
    46 | D        | Found a sacrificial altar of Ru.
    46 | D        | Found a basalt altar of Yredelemnul.
    46 | D        | Found a shadowy altar of Dithmenos.
    46 | D        | Found a deep blue altar of Sif Muna.
    46 | D        | Found a burning altar of Makhleb.
    46 | D        | Found a shimmering altar of Xom.
    46 | D        | Found an ancient bone altar of Kikubaaqudgha.
    46 | D        | Found a sparkling altar of Nemelex Xobeh.
    47 | D        | Found a glowing golden altar of the Shining One.
    47 | D        | Found a bloodstained altar of Trog.
    47 | D        | Found a shattered altar of Ashenzari.
    47 | D        | Found a white marble altar of Elyvilon.
    47 | D        | Found a snail-covered altar of Cheibriados.
    47 | D        | Found a blossoming altar of Fedhas.
    47 | D        | Found a radiant altar of Vehumet.
    47 | D        | Found a glowing silver altar of Zin.
    47 | D        | Found a corrupted altar of Lugonu.
    47 | D        | Found a viscous altar of Jiyva.
    47 | D        | Found a roughly hewn altar of Beogh.
    47 | D        | Found an iron altar of Okawaru.
    53 | D        | Found a stormy altar of Qazlal.
    54 | D        | Found an opulent altar of Gozag.
    56 | D        | Became a worshipper of Warmaster Okawaru
    73 | D        | Noticed a brain worm
    76 | D        | Reached skill level 4 in Armour
    81 | D        | Killed a brain worm
    81 | D        | Acquired Okawaru's first power
    81 | D        | Reached skill level 5 in Fighting
    81 | D        | Reached skill level 5 in Armour
    81 | D        | Reached skill level 5 in Shields
    81 | D        | Reached XP level 2. HP: 21/29 MP: 0/2
    81 | D        | Reached XP level 3. HP: 26/36 MP: 0/3
    81 | D        | Reached XP level 4. HP: 30/42 MP: 0/4
   170 | D        | Reached skill level 5 in Axes
   184 | D        | Noticed a black bear
   189 | D        | Reached skill level 6 in Armour
   197 | D        | Killed a black bear
   197 | D        | Reached skill level 7 in Armour
   197 | D        | Reached XP level 5. HP: 34/50 MP: 4/6
   299 | D        | Noticed Grinder
   300 | D        | Noticed an iron imp
   303 | D        | Noticed a giant frog
   304 | D        | Noticed a wolf
   309 | D        | Killed an iron imp
   310 | D        | Killed a giant frog
   310 | D        | Reached skill level 8 in Armour
   310 | D        | Reached XP level 6. HP: 54/57 MP: 5/7
   316 | D        | Killed a wolf
   316 | D        | Paralysed by Grinder for 2 turns
   326 | D        | Killed Grinder
   326 | D        | Reached skill level 9 in Axes
   326 | D        | Reached skill level 5 in Dodging
   326 | D        | Reached XP level 7. HP: 47/66 MP: 6/9
   355 | D        | Noticed a boulder beetle
   387 | D        | Killed a boulder beetle
   387 | D        | Reached skill level 10 in Armour
   387 | D        | Reached skill level 10 in Shields
   387 | D        | Reached skill level 5 in Invocations
   523 | D        | Noticed a crimson imp
   523 | D        | Noticed a gnoll shaman
   528 | D        | Killed a gnoll shaman
   535 | D        | Killed a crimson imp
   550 | D        | Noticed a warg
   550 | D        | Noticed a centaur
   550 | D        | Noticed a freezing wraith
   558 | D        | Killed a warg
   558 | D        | Reached skill level 10 in Axes
   567 | D        | Slain by a freezing wraith

Vault maps used:
D:        pitsprint

Action                   |  1- 3 |  4- 6 |  7- 9 || total
-------------------------+-------+-------+-------++-------
Melee: War axe           |     7 |    40 |    60 ||   107
Invok: Heroism           |       |     1 |     2 ||     3
  Use: Potion            |       |       |     1 ||     1
